 Dungeon Crawl Stone Soup version 0.27-a0-931-g5a74e75d8f (webtiles) character file.

Game seed: 17252459406658051811

4 pepper333 the Skirmisher (level 1, -3/18 HPs)
             Began as a Demonspawn Abyssal Knight on Apr 10, 2021.
             Was an Initiate of Lugonu.
             Slain by a kobold
             ... wielding a +0 short sword
              (4 damage)
             ... on level 1 of the Dungeon.
             The game lasted 00:00:26 (133 turns).

pepper333 the Skirmisher (Demonspawn Abyssal Knight) Turns: 133, Time: 00:00:26

Health: -3/18      AC:  3    Str: 12    XL:     1   Next: 50%
Magic:  2/2        EV: 11    Int: 13    God:    Lugonu [......]
Gold:   8          SH:  0    Dex: 12    Spells: 0/0 levels left

rFire    . . .     SeeInvis .   a - +1 mace
rCold    . . .     Faith    .   (no shield)
rNeg     . . .     Spirit   .   b - +0 leather armour
rPois    .         Reflect  .   (no helmet)
rElec    .         Harm     .   (no cloak)
rCorr    .         Rampage  .   (no gloves)
Will     .....                  (no boots)
Stlth    +.........             (no amulet)
HPRegen  0.06/turn              (no ring)
MPRegen  0.08/turn              (no ring)

@: no status effects
A: no striking features
a: Renounce Religion


You were on level 1 of the Dungeon.
You worshipped Lugonu.
Lugonu was noncommittal.
You visited 1 branch of the dungeon, and saw 1 of its levels.
You visited the Abyss 1 time.

You collected 8 gold pieces.

Inventory:

Hand Weapons
 a - a +1 mace (weapon)
Armour
 b - a +0 leather armour (worn)


   Skills:
 + Level 3.0 Fighting
 + Level 2.0 Maces & Flails
 + Level 1.9 Armour
 + Level 0.8 Dodging
 + Level 2.4 Invocations


You couldn't memorise any spells.
You didn't know any spells.
Your spell library was empty.

Dungeon Overview and Level Annotations

Branches:
Dungeon (1/15)

Altars:


Message History

A kobold comes into view. It is wielding a +0 short sword.
The kobold shouts!
The jackal barks!
You hit the jackal.
The jackal is moderately wounded.
You hear a shout!
The jackal completely misses you. The jackal bites you. x2
You sock the jackal!
You kill the jackal!
Lugonu accepts your kill. The jackal barely misses you. The jackal bites you.
You miss the jackal. The jackal bites you. The jackal barely misses you.
The jackal closely misses you. The jackal bites you.
The frilled lizard unfolds its giant frill.
You hit the jackal but do no damage. The jackal barely misses you.
The jackal bites you but does no damage.
The frilled lizard bites you.
* * * LOW HITPOINT WARNING * * *
The jackal barely misses you. The jackal bites you.
* * * LOW HITPOINT WARNING * * *
You hit the jackal.
You kill the jackal!
Lugonu accepts your kill. The jackal closely misses you.
The frilled lizard closely misses you.
The kobold throws a stone.
The stone hits you but does no damage.
The jackal bites you but does no damage.
The frilled lizard misses you.
The kobold throws a stone.
The stone hits you.
* * * LOW HITPOINT WARNING * * *
Your Maces & Flails skill increases to level 2!
The jackal bites you.
* * * LOW HITPOINT WARNING * * *
A kobold comes into view. It is wielding a +0 short sword.
The frilled lizard closely misses you. The kobold closely misses you.
Things that are here:
a jackal corpse; a jackal corpse You hit the kobold but do no damage.
The jackal bites you.
* * * LOW HITPOINT WARNING * * *
The jackal bites you but does no damage.
The frilled lizard bites you but does no damage.
The kobold hits you with a +0 short sword.
You die...

.........#.####..####
#........#.......#
...........#####.#
.#######..## #.#
#..######.#
##........#
.##########..'######
#......l.##..#≈≈≈≈≈#
#.....K@.....#≈....#
#......h..##.#≈....#
.#........####≈....#
#........# #####+
#.........
#.........##
.K........#
#.........#


You could see a jackal, 2 kobolds and a frilled lizard.

Vanquished Creatures
  3 jackals (D:1)
3 creatures vanquished.

Notes
Turn   | Place    | Note
-------+----------+-------------------------------------------
     0 | Abyss:1  | pepper333 the Demonspawn Abyssal Knight began the quest for
                  | the Orb.
     0 | Abyss:1  | Reached XP level 1. HP: 18/18 MP: 2/2
    52 | Abyss:1  | Noticed a blizzard demon
    53 | D:1      | Escaped the Abyss
   133 | D:1      | Slain by a kobold

Illustrated notes

Levels and vault maps discovered:
D:1:      dpeg_arrival_prison, layout_basic, serial_rivers,
          chequers_serial_rivers_large_a, chequers_serial_rivers_micro_a,
          chequers_serial_rivers_room_a, chequers_serial_rivers_micro_e,
          chequers_serial_rivers_small_b, shapermc_ecumenical_altar_venn,
          minmay_misc_feat_tower, hangedman_decor_growths,
          roderic_serpentine_path, serial_bayou_pond_b

Skill      XL: |  1 |
---------------+----+-----
Maces & Flails | 2 |  2.0
Fighting       | |  3.0
Armour         | |  1.9
Dodging        | |  0.8
Invocations    | |  2.4

Action                   || total
-------------------------++-------
Melee: Mace              ||     7
Invok: Depart the Abyss  ||     1
Armor: Leather armour    ||     6
Dodge: Dodged            ||    11

Table legend: (Time is in decaauts)
 A = Elapsed time spent in this place.
 B = Non-inter-level travel time spent in this place.
 C = Inter-level travel time spent in this place.
 D = Time resting spent in this place.
 E = Time spent auto-exploring this place.
 F = Levels seen in this place.
 G = Mean time per level.
                   A        B        C        D        E       F      G
               +--------+--------+--------+--------+--------+-----+--------+
         Total |    134 |    134 |      0 |      0 |    109 |   2 |   67.0 |
       Dungeon |     81 |     81 |      0 |      0 |     57 |   1 |   81.0 |
         Abyss |     53 |     53 |      0 |      0 |     52 |   1 |   53.0 |
               +--------+--------+--------+--------+--------+-----+--------+

Top non-repeatable levels by time:
     D:1: 81 daAuts
 Abyss:1: 53 daAuts
